 Dungeon Crawl Stone Soup version 0.21-a0-405-gf2af9a1 (webtiles) character file.

60 Boromier the Skirmisher (level 4, 0/49 HPs)
             Began as an Ogre Berserker on Oct 31, 2017.
             Was a Believer of Trog.
             Slain by an adder (3 damage)
             ... on level 2 of the Dungeon.
             The game lasted 00:21:34 (1252 turns).

Boromier the Skirmisher (Ogre Berserker)            Turns: 1252, Time: 00:21:34

Health: 0/49       AC:  3    Str: 22    XL:     4   Next: 6%
Magic:  4/4        EV: 10    Int:  8    God:    Trog [**....]
Gold:   71         SH:  0    Dex:  8    Spells: 3/3 levels left

rFire    + . .     SeeInvis .   a - +0 falchion
rCold    x . .     Gourm    .   (no shield)
rNeg     . . .     Faith    +   b - +0 animal skin
rPois    .         Spirit   .   (helmet restricted)
rElec    .         Reflect  .   (no cloak)
rCorr    .         Harm     .   (gloves unavailable)
MR       .....                  (boots unavailable)
Stlth    +.........             i - amulet of faith
HPRegen  0.16/turn              h - ring of fire
MPRegen  0.09/turn              (no ring)

@: lethally poisoned (0 -> -2)
A: unfitting armour, tough skin 1
a: Berserk, Trog's Hand, Burn Spellbooks, Renounce Religion


You were on level 2 of the Dungeon.
You worshipped Trog.
Trog was pleased with you.
You were not hungry.

You visited 1 branch of the dungeon, and saw 2 of its levels.

You collected 71 gold pieces.

Inventory:

Hand Weapons
 a - a +0 falchion (weapon)
 m - a +0 club
 o - a +0 dagger
 s - a +0 short sword
 v - a cursed -1 club
 w - a +0 dagger
 y - a +0 club
 A - a +0 club
 B - a +0 hunting sling
 D - a +0 dagger
Missiles
 f - 10 arrows
 p - 102 stones (quivered)
 q - 27 sling bullets
Armour
 b - a +0 animal skin (worn)
 l - a +0 robe
 n - a +0 leather armour
 r - a +0 robe
 x - a +0 robe
 C - a cursed +0 leather armour
Jewellery
 h - a ring of fire (left hand)
 i - an amulet of faith (around neck)
 E - an uncursed ring of protection from magic {unknown}
Scrolls
 d - 5 scrolls of identify {unknown}
 e - 3 scrolls of magic mapping {unknown}
 g - a scroll of immolation {unknown}
 u - 3 scrolls of remove curse {unknown}
 z - a scroll of blinking {unknown}
Potions
 j - a potion of heal wounds {unknown}
Comestibles
 c - 2 bread rations
 k - a meat ration
 t - a royal jelly


   Skills:
 + Level 4.6 Fighting
 + Level 3.5 Long Blades
 + Level 3.1 Dodging
 + Level 0.6 Stealth


You had 3 spell levels left.
You didn't know any spells.

Dungeon Overview and Level Annotations

Branches:
Dungeon (2/15)

Altars:


Innate Abilities, Weirdness & Mutations

You are too large for most types of armour.
You have tough skin. (AC +1)


Message History

The adder bites you.
* * * LOW HITPOINT WARNING * * *
You are poisoned.
The adder poisons you!
You see here a goblin corpse.
You feel sick. The adder bites you.
* * * LOW HITPOINT WARNING * * *
The adder closely misses you.
You riposte.
You slash the adder!
The adder is severely wounded.
The adder closely misses you.
You miss the adder.
The adder is severely wounded.
* * * LOW HITPOINT WARNING * * *
You feel sick. The adder closely misses you. The adder misses you.
You riposte.
You barely miss the adder.
The adder is severely wounded.
You closely miss the adder.
The adder is severely wounded.
The adder bites you.
You die...

#.......#.#...#
#####.......#.#..(#
............#.#...#
............#.....#
............#.#...#####
........>..............
..........#.#.#...##....
......†...#.#+#...##....
..........#.....@.......
..........#....†S.......
########.##.............
#.##.........####
#.##.........#
#.##.#......##
#....#......#
######......#
#...††.######


You could see an adder.

Vanquished Creatures
  3 adders (D:2)
  A dart slug (D:2)
  A bat (D:1)
  2 giant cockroaches (D:2)
  2 hobgoblins
  4 jackals (D:2)
  A ball python (D:2)
  6 goblins
  5 kobolds
  6 rats
31 creatures vanquished.

Notes
Turn   | Place    | Note
-------+----------+-------------------------------------------
     0 | D:1      | Boromier the Ogre Berserker began the quest for the Orb.
     0 | D:1      | Reached XP level 1. HP: 24/24 MP: 1/1
   197 | D:1      | Reached XP level 2. HP: 30/32 MP: 2/2
   505 | D:1      | Upgraded the game from 0.21-a0-404-g291f19a to 0.21-a0-405-gf2af9a1
   961 | D:2      | Reached XP level 3. HP: 16/40 MP: 3/3
   965 | D:2      | Reached ** piety under Trog
  1188 | D:2      | Reached XP level 4. HP: 18/49 MP: 4/4
  1252 | D:2      | Slain by an adder

Vault maps used:
D:1:      dpeg_arrival_arbitrary_c

Skill      XL: |  1  2 |
---------------+-------+-----
Long Blades    | 3 |  3.5
Dodging        | 3 |  3.1
Fighting       | |  4.6
Stealth        | |  0.6

Action                   |  1- 3 |  4- 6 || total
-------------------------+-------+-------++-------
Melee: Falchion          |    79 |     9 ||    88
Invok: Berserk           |     1 |       ||     1
  Use: Potion            |     1 |       ||     1
  Eat: Bread ration      |     1 |       ||     1
Armor: Animal skin       |    29 |       ||    29
Dodge: Dodged            |    57 |     6 ||    63
       Rpst.: Falchion   |    16 |     3 ||    19

Table legend:
 A = Spawn XP
 B = Non-spawn XP
 C = Spawn XP percentage of total XP
 D = Spawn monster count
 E = Non-spawn monster count
 F = Spawn count percentage of total count
 G = Total turns spent on level
                    A         B        C        D         E        F      G
               +---------+---------+-------+---------+---------+-------+---------
         Total |       0 |      87 |   0.0 |       0 |      31 |   0.0 |  1252
               +---------+---------+-------+---------+---------+-------+---------
           D:1 |       0 |      13 |   0.0 |       0 |      10 |   0.0 |   828
           D:2 |       0 |      74 |   0.0 |       0 |      21 |   0.0 |   424
               +---------+---------+-------+---------+---------+-------+---------
